 Dungeon Crawl Stone Soup version 0.28.0-53-g5a82cb258f (webtiles) character file.

Game seed: 15097199460497736812

272 DarkEmptyUniverse the Ruffian (level 6, -12/52 HPs)
             Began as a Ghoul Fighter on June 12, 2022.
             Killed from afar by an orc warrior (29 damage)
             ... with a bolt of acid
             ... on level 3 of the Dungeon.
             The game lasted 00:07:11 (3287 turns).

DarkEmptyUniverse the Ruffian (Ghoul Fighter)       Turns: 3287, Time: 00:07:12

Health: -12/52     AC:  9    Str: 20    XL:     6   Next: 23%
Magic:  5/5        EV:  9    Int:  5    God:
Gold:   152        SH:  4    Dex:  8    Spells: 5/5 levels left

rFire   . . .      SeeInvis .     - Unarmed
rCold   + . .      Faith    .   b - +0 buckler
rNeg    + + +      Spirit   .   a - +0 scale mail
rPois   ∞          Reflect  .   (no helmet)
rElec   .          Harm     .   d - +1 cloak
rCorr   .          Rampage  .   (no gloves)
Will    +....                   (no boots)
Stlth   ..........              (no amulet)
HPRegen 0.00/turn               l - ring of willpower
MPRegen 0.09/turn               (no ring)

@: inhibited regen
A: claws 1, cold resistance 1, negative energy resistance 3, inhibited
regeneration, torment resistance 2
a: no special abilities


You were on level 3 of the Dungeon.
You visited 1 branch of the dungeon, and saw 4 of its levels.

You collected 152 gold pieces.

Inventory:

Armour
 a - a +0 scale mail (worn)
 b - a +0 buckler (worn)
 d - a +1 cloak (worn)
 h - a +0 pair of gloves
Jewellery
 l - a ring of willpower (left claw)
Scrolls
 f - a scroll of brand weapon
Potions
 c - a potion of might
 g - 2 potions of heal wounds
 i - a potion of brilliance {unknown}
 k - 2 potions of curing {unknown}


   Skills:
 + Level 3.6 Fighting
 + Level 3.7 Armour
 + Level 1.0 Dodging
 + Level 3.0 Shields
 * Level 5.5 Unarmed Combat


You had 5 spell levels left.
You didn't know any spells.
Your spell library was empty.

Dungeon Overview and Level Annotations

Branches:
Dungeon (4/15)
 Temple: D:4-7

Altars:
Yredelemnul


Innate Abilities, Weirdness & Mutations

You thrive by killing the living.
You are immune to poison.
You have sharp fingernails.
Your flesh is cold resistant. (rC+)
You are immune to negative energy. (rN+++)
You do not regenerate when monsters are visible.
You are immune to unholy pain and torment.


Message History

The adder barely misses you.
You scratch the adder but do no damage.
The adder is severely wounded.
You block the adder's attack. The adder bites you.
You scratch the adder but do no damage.
The adder is severely wounded.
The adder bites you but does no damage.
You claw the adder!
You kill the adder!
You see here an adder corpse.
Sorry, you're not good enough to have a special ability.
l - a ring of willpower (left claw)
You open the door.
There is an open door here.
You open the door.
There is an open door here.
Found 10 gold pieces.
You now have 124 gold pieces (gained 10).
You now have 139 gold pieces (gained 15).
You now have 152 gold pieces (gained 13).
You open the door.
There is an open door here.
The orc warrior shouts!
The orc wizard shouts!
There is a stone staircase leading up here.
You start waiting.
There are monsters nearby!
There are monsters nearby!
There is a stone staircase leading up here.
The orc warrior zaps a wand.
The bolt of acid hits you!!
Ouch! That really hurt!
You climb upwards.
There is a stone staircase leading down here.
As you read the scroll of teleportation, it crumbles to dust.
You feel strangely unstable. You block the orc warrior's attack.
The orc warrior throws a silver boomerang.
The silver boomerang hits you!
Your surroundings suddenly seem different.
The orc warrior zaps a wand.
The bolt of acid hits you!!
Ouch! That really hurt!
You die...

#.# #..# #.# #.# #.##
###.### #.# #.#
#...... #####.# #.#
#.#.### #.....###.#
#.#.# # #.###..>o.#
#.#.# # #.# ####..#
#######.#.# # #.#
#..# #..)...(..###
#.#
#@.###.#####.#....
#.# #........#
#.[.... #.#
#.###....###......
#.#
#.....#...##.#.###
#.#
########.............
#.#
#...............#.###
#.#
#.######...#.####.# #
#.###.#
##.##.####.###
#.....# #.##.........


You could see an orc warrior.

Vanquished Creatures
  3 scorpion zombies (D:4)
  2 hound zombies (D:4)
  4 adders
  3 gnolls (D:2)
  2 adder skeletons (D:4)
  An adder zombie (D:4)
  2 worms
  3 dart slugs
  An orc (D:4)
  8 bats
  11 endoplasms
  4 giant cockroaches
  5 goblins
  7 hobgoblins
  3 jackals (D:3)
  10 quokkas
  4 ball pythons
  2 frilled lizards
  4 kobolds
  3 rats
82 creatures vanquished.

Notes
Turn   | Place    | Note
-------+----------+-------------------------------------------
     0 | D:1      | DarkEmptyUniverse the Ghoul Fighter began the quest for the
                  | Orb.
     0 | D:1      | Reached XP level 1. HP: 19/19 MP: 0/0
   104 | D:1      | Reached XP level 2. HP: 26/26 MP: 1/1
   248 | D:1      | Reached skill level 3 in Unarmed Combat
   248 | D:1      | Reached XP level 3. HP: 31/31 MP: 2/2
   883 | D:2      | Reached XP level 4. HP: 37/38 MP: 3/3
  1064 | D:2      | Reached skill level 4 in Unarmed Combat
  1960 | D:3      | Reached XP level 5. HP: 44/45 MP: 4/4
  2301 | D:3      | Found a faded altar of an unknown god.
  2755 | D:4      | Found a basalt altar of Yredelemnul.
  2784 | D:4      | Reached skill level 5 in Unarmed Combat
  2821 | D:4      | Reached XP level 6. HP: 34/52 MP: 5/5
  2956 | D:4      | Reached skill level 1 in Dodging
  3083 | D:4      | Noticed an orc warrior
  3287 | D:3      | Killed from afar by an orc warrior

Illustrated notes

Levels and vault maps discovered:
D:1:      evilmike_arrival_fibonacci_small, layout_basic
D:2:      layout_basic
D:3:      layout_loops_ring, dreamdust_ecumenical_altar_angels_and_demons,
          minmay_fractal_squares_5
D:4:      layout_basic, mainiacjoe_overflow_24_doors,
          minmay_temple_entry_glassed_door, serial_undead, serial_undead_b,
          serial_undead_e, serial_undead_a, serial_undead_b, serial_undead_d,
          serial_undead_f

Skill      XL: |  1  2  3  4  5  6 |
---------------+-------------------+-----
Unarmed Combat | 3 4 5 |  5.5
Armour         | 3 |  3.7
Shields        | 3 |  3.0
Dodging        | 1 |  1.0
Fighting       | |  3.6

Action                   |  1- 3 |  4- 6 || total
-------------------------+-------+-------++-------
Melee: Unarmed           |   111 |   184 ||   295
  Use: Scroll            |       |     6 ||     6
Armor: Scale mail        |    39 |    96 ||   135
Dodge: Dodged            |    55 |    77 ||   132
Block: Buckler           |    18 |    37 ||    55
